 Dungeon Crawl Stone Soup version 0.32-a0-928-g1cae6b7ea0 (webtiles) character file.

Game seed: 1541790751103610080

40 porpoise the Poker (level 3, 0/28 HPs)
             Began as a Demonspawn Gladiator on Apr 12, 2024.
             Slain by a gnoll
             ... wielding a +0 flail
              (5 damage)
             ... on level 2 of the Dungeon.
             The game lasted 00:02:50 (957 turns).

porpoise the Poker (Demonspawn Gladiator)            Turns: 957, Time: 00:02:51

Health: 0/28       AC:  7    Str: 16    XL:     3   Next: 30%
Magic:  3/3        EV: 10    Int:  8    God:
Gold:   6          SH:  0    Dex: 14    Spells: 2/2 levels left

rFire   . . .        a - +0 trident
rCold   + . .        (no shield)
rNeg    . . .        i - +0 ring mail
rPois   .            c - +0 helmet
rElec   .            (no cloak)
rCorr   .            (no gloves)
SInv    .            g - +0 pair of boots
Will    .....        (no amulet)
Stlth   +            p - ring of protection from cold
HPRegen 0.24/turn    (no ring)
MPRegen 0.08/turn

%: no passive effects
@: no status effects
A: demonic guardian 1
a: no special abilities


You were on level 2 of the Dungeon.
You visited 1 branch of the dungeon, and saw 2 of its levels.

You collected 6 gold pieces.

Inventory:

Hand Weapons
 a - a +0 trident (weapon)
 b - a +0 sling
Missiles
 d - 3 throwing nets (quivered)
 e - a javelin
 j - 6 boomerangs
Armour
 c - a +0 helmet (worn)
 g - a +0 pair of boots (worn)
 i - a +0 ring mail (worn)
Jewellery
 k - a ring of flight
 p - a ring of protection from cold (left hand)
Scrolls
 f - a scroll of revelation {unknown}
 n - a scroll of butterflies {unknown}
 o - a scroll of identify {unknown}
Potions
 h - a potion of curing {unknown}
 l - a potion of heal wounds {unknown}
 m - 2 potions of ambrosia {unknown}


   Skills:
 + Level 2.6 Fighting
 * Level 3.6 Polearms
 - Level 1.7 Throwing
 - Level 2.6 Dodging


You had 2 spell levels left.
You didn't know any spells.
Your spell library was empty.

Dungeon Overview and Level Annotations

Branches:
Dungeon (2/15)

Altars:


Innate Abilities, Weirdness & Mutations

A weak demonic guardian rushes to your aid.


Message History

You shoot a sling bullet. The sling bullet hits the gnoll!
The gnoll is severely wounded.
The gnoll hits you with a +0 flail.
You shoot a sling bullet.
The sling bullet barely misses the gnoll.
The sling bullet closely misses the frilled lizard.
You hear a shout!
The gnoll hits you with a +0 flail. The gnoll barely misses you.
A gnoll comes into view. It is wielding a +0 whip.
You shoot a sling bullet.
The sling bullet barely misses the gnoll.
The sling bullet closely misses the frilled lizard.
The gnoll shouts!
The gnoll hits you but does no damage.
You shoot a sling bullet.
The sling bullet barely misses the gnoll.
The sling bullet misses the frilled lizard.
The gnoll hits you with a +0 flail. The gnoll closely misses you.
You are too injured to fight recklessly!
You are too injured to fight recklessly!
Unknown command.
a - a +0 trident (weapon)
You closely miss the gnoll.
The gnoll is severely wounded.
The gnoll barely misses you.
You closely miss the gnoll.
The gnoll is heavily wounded.
The gnoll barely misses you.
You closely miss the gnoll.
The gnoll is heavily wounded.
The gnoll barely misses you.
You hit the gnoll.
The gnoll is almost dead.
The gnoll hits you with a +0 flail!
* * * LOW HITPOINT WARNING * * *
A demonic guardian appears!
The gnoll hits you but does no damage.
You barely miss the gnoll.
The gnoll is almost dead.
The gnoll hits you with a +0 flail.
You die...

####..###......
#.....#.#......#
#.###.#.#......#
#...#.#.# .)..#
###.#.#.# ...
###...#.# .g.
##.....#.#####l#
#..##.......##g#
#..##.#####.##@#
#..##.# #.##5#
#.....# #....#
#####.# ######
#.# ###


You could see 2 gnolls, a frilled lizard and a friendly ufetubus (summoned).

Vanquished Creatures
  A dart slug (D:1)
  4 ball pythons (D:1)
  6 bats
  4 endoplasms (D:1)
  2 giant cockroaches (D:1)
  5 goblins (D:1)
  3 hobgoblins
  A quokka (D:1)
  2 frilled lizards (D:1)
  5 kobolds (D:1)
  2 rats
35 creatures vanquished.

Notes
Turn   | Place    | Note
-------+----------+-------------------------------------------
     0 | D:1      | porpoise the Demonspawn Gladiator began the quest for the
                  | Orb.
     0 | D:1      | Reached XP level 1. HP: 16/16 MP: 1/1
    83 | D:1      | Reached skill level 3 in Polearms
   135 | D:1      | Gained mutation: A weak demonic guardian rushes to your
                  | aid. [demonic ancestry]
   135 | D:1      | Reached XP level 2. HP: 17/22 MP: 2/2
   410 | D:1      | Reached XP level 3. HP: 26/28 MP: 3/3
   957 | D:2      | Slain by a gnoll

Illustrated notes

Levels and vault maps discovered:
D:1:      lemuel_arrival_muddy, layout_basic, st_stairs_8
D:2:      layout_basic, serial_forest, infiniplex_forest_clump_curved,
          infiniplex_forest_lined_room_2, infiniplex_forest_straight_2,
          infiniplex_forest_lined_room_, infiniplex_forest_side_room,
          infiniplex_forest_straight_2, infiniplex_forest_join,
          infiniplex_forest_lined_room_2, basic_altar

Skill      XL: |  1 |
---------------+----+-----
Polearms       | 3 |  3.6
Fighting       | |  2.6
Throwing       | |  1.7
Dodging        | |  2.6

Action                     || total
---------------------------++-------
  Melee: Trident           ||    90
   Fire: Sling             ||    34
 Armour: Leather armour    ||    39
         Ring mail         ||    40
  Dodge: Dodged            ||    83

Table legend: (Time is in decaauts)
 A = Elapsed time spent in this place.
 B = Non-inter-level travel time spent in this place.
 C = Inter-level travel time spent in this place.
 D = Time resting spent in this place.
 E = Time spent auto-exploring this place.
 F = Levels seen in this place.
 G = Mean time per level.
                   A        B        C        D        E       F      G
               +--------+--------+--------+--------+--------+-----+--------+
         Total |    984 |    892 |     92 |     14 |    600 |   2 |  492.0 |
       Dungeon |    984 |    892 |     92 |     14 |    600 |   2 |  492.0 |
               +--------+--------+--------+--------+--------+-----+--------+

Top non-repeatable levels by time:
     D:1: 877 daAuts
     D:2: 106 daAuts
